Map: Central Protocol

Players

Miszu - Winner!

  • Race: Terran Terran
  • League: Master

Kamahlen

  • Race: Terran Terran
  • League: Master

VOD

Have the link to the VOD?

Description

Time

  • Played on: March 7, 2016, 5:28 p.m.
  • Length: 3:34
Show
View Real Time Build Order
Export as new Build Order

Miszu Terran - Winner!

Build Orders:  

Get SALT Encoding   

  12  0:01  SCV  
  13  0:13  SCV  
  14  0:17  Supply Depot  
  14  0:25  SCV  
  15  0:39  SCV  
  15  0:40  Barracks  
  16  0:43  Refinery  
  16  0:51  SCV  
  17  1:00  Barracks  
  17  1:03  SCV  
  18  1:16  Barracks  
  18  1:20  SCV  
  19  1:27  Reaper  
  20  1:34  Refinery  
  20  1:40  Supply Depot  
  20  1:46  Reaper  
  21  2:00  Reaper  
  22  2:07  Orbital Command  
  22  2:10  Reaper  
  23  2:17  Supply Depot  
  23  2:22  Reaper  
  24  2:32  Reaper  
  24  2:36  SCV  
  26  2:43  Reaper  
  27  2:54  Reaper, SCV  
  29  3:09  SCV  
  31  3:21  SCV  
  31  3:24  Supply Depot  
Show
View Real Time Build Order
Export as new Build Order

Kamahlen Terran 

Build Orders:  

Get SALT Encoding   

  12  0:01  SCV  
  13  0:13  SCV  
  14  0:17  Supply Depot  
  14  0:25  SCV  
  15  0:39  Barracks, SCV  
  16  0:44  Refinery  
  16  0:51  SCV  
  17  1:03  SCV  
  18  1:15  SCV  
  19  1:27  Orbital Command  
  19  1:28  Reaper  
  20  1:52  Barracks  
  20  1:53  SCV  
  21  1:54  Refinery  
  21  2:00  Supply Depot, Marine  
  22  2:06  Factory  
  21  2:13  SCV  
  22  2:17  Supply Depot  
  22  2:25  SCV  
  22  2:29  Reaper  
  24  2:35  Supply Depot  
  24  2:37  SCV  
  24  2:39  Reaper  
  26  2:49  SCV  
  29  2:51  Hellion  
  28  3:01  Reaper  
  23  3:12  Hellion  
Tags
 
Add a new tag
Caveats
  • Supply blocks, unpowered buildings, or Contaminate may cause inaccurate times.
  • Supply counts are checked every 10 seconds.